 Dungeon Crawl Stone Soup version 0.25-a0-424-g80bd347ae0 (webtiles) character file.

Game seed: 9580656310022732882, levelgen mode: deterministic

59 DerDa the Skirmisher (level 4, -3/25 HPs)
             Began as a Vine Stalker Fighter on Jan 22, 2020.
             Slain by a gnoll
             ... wielding a +0 whip
              (8 damage)
             ... on level 2 of the Dungeon.
             The game lasted 00:02:19 (821 turns).

DerDa the Skirmisher (Vine Stalker Fighter)          Turns: 821, Time: 00:02:20

Health: -3/25      AC:  6    Str: 24    XL:     4   Next: 3%
Magic:  0/5        EV:  8    Int:  8    God:
Gold:   147        SH: 10    Dex: 14    Spells: 3/3 levels left

rFire    . . .     SeeInvis .   n - +4 whip
rCold    . . .     Gourm    .   c - +0 shield
rNeg     . . .     Faith    .   b - +0 scale mail
rPois    .         Spirit   +   (no helmet)
rElec    .         Reflect  .   (no cloak)
rCorr    .         Harm     .   (no gloves)
MR       .....                  (no boots)
Stlth    ..........             (no amulet)
HPRegen  0.48/turn              (no ring)
MPRegen  0.09/turn              (no ring)

@: mighty, lethally poisoned (-3 -> -24)
A: fangs 2, regeneration 1, magic shield, antimagic bite, no potion heal 3, rot
immunity
a: no special abilities


You were on level 2 of the Dungeon.
You were not hungry.

You visited 1 branch of the dungeon, and saw 2 of its levels.

You collected 147 gold pieces.

Inventory:

Hand Weapons
 a - a +0 long sword
 n - a +4 whip (weapon)
Missiles
 o - 16 sling bullets
 r - 20 bolts
Armour
 b - a +0 scale mail (worn)
 c - a +0 shield (worn)
Scrolls
 e - 3 scrolls of enchant armour {unknown}
 g - a scroll of random uselessness {unknown}
 i - 2 scrolls of identify {unknown}
 l - a scroll of blinking {unknown}
 m - 2 scrolls of enchant weapon {unknown}
 p - a scroll of noise {unknown}
Potions
 h - 2 potions of lignification {unknown}
 j - 2 potions of resistance {unknown}
 k - 2 potions of heal wounds {unknown}
 s - a potion of invisibility {unknown}
 t - a potion of curing {unknown}
 u - a potion of mutation {unknown}
Comestibles
 f - 2 rations
 q - 5 chunks of flesh


   Skills:
 * Level 3.6 Fighting
 - Level 1.8 Long Blades
 - Level 2.4 Armour
 + Level 1.0 Dodging
 + Level 3.2 Shields


You had 3 spell levels left.
You didn't know any spells.
Your spell library was empty.

Dungeon Overview and Level Annotations

Branches:
Dungeon (2/15)

Altars:


Innate Abilities, Weirdness & Mutations

You have extremely sharp teeth.
Your natural rate of healing is unusually fast.
When hurt, damage is shared between your health and your magic reserves.
Your bite disrupts and absorbs the magic of your enemies.
Potions cannot restore your health.
You are immune to rotting.


Message History

The gnoll hits you but does no damage.
You are poisoned.
You hit the gnoll.
The gnoll is moderately wounded.
You feel sick. You block the gnoll's attack.
You closely miss the gnoll.
The gnoll is moderately wounded.
The gnoll hits you with a +0 halberd of venom.
You are more poisoned.
You hit the gnoll but do no damage.
The gnoll is moderately wounded.
You feel sick.
You feel sick. You block the gnoll's attack.
The gnoll hits you with a +0 halberd of venom!
You are lethally poisoned!
You feel very mighty all of a sudden.
* * * LOW HITPOINT WARNING * * *
You feel very sick. The gnoll hits you with a +0 whip!
You die...

#. . ## .#. . .. ....#
##.# ###### #####.#.
...## .. ..# #..(...
..!.. ## #.###.# #.####
...# #.#...#
#....####.#.#
####.....###.##g##.....#
..)..###........@g%....#
###)## ##..####.##...$.#
....# #..# #.##..)..#
รท...# #>.# #.##.....#
..##.# .### #.######.#
..# ....# #.. .# ..#
.#.# #.. # ..# .#.# #..
... .# #


You could see 2 gnolls.

Vanquished Creatures
  A gnoll (D:2)
  A worm (D:2)
  2 dart slugs (D:2)
  2 leopard geckos
  5 bats
  3 giant cockroaches
  5 goblins
  6 hobgoblins
  2 jackals (D:2)
  2 ball pythons (D:2)
  4 frilled lizards
  A kobold (D:1)
  5 rats
39 creatures vanquished.

Notes
Turn   | Place    | Note
-------+----------+-------------------------------------------
     0 | D:1      | DerDa the Vine Stalker Fighter began the quest for the Orb.
     0 | D:1      | Reached XP level 1. HP: 11/11 MP: 2/2
   130 | D:1      | Reached XP level 2. HP: 14/16 MP: 3/3
   552 | D:2      | Reached XP level 3. HP: 15/20 MP: 4/4
   801 | D:2      | Reached skill level 1 in Dodging
   810 | D:2      | Gained mutation: Your natural rate of healing is unusually
                  | fast. [Vine Stalker growth]
   810 | D:2      | Reached XP level 4. HP: 16/25 MP: 5/5
   821 | D:2      | Slain by a gnoll

Levels and vault maps discovered:
D:1:      dpeg_arrival_ternary, layout_loops_ring, minmay_misc_feat_plants
D:2:      layout_loops_ring, first_ration

Skill      XL: |  1  2  3 |
---------------+----------+-----
Fighting       | 3 |  3.6
Shields        | 3 |  3.2
Dodging        | 1 |  1.0
Long Blades    | |  1.8
Armour         | |  2.4

Action                   |  1- 3 |  4- 6 || total
-------------------------+-------+-------++-------
Melee: Long sword        |    40 |       ||    40
       Bite              |    26 |       ||    26
       Whip              |    57 |     3 ||    60
  Use: Potion            |       |     1 ||     1
Armor: Scale mail        |    30 |     1 ||    31
Dodge: Dodged            |    26 |     1 ||    27
Block: Shield            |    43 |     2 ||    45
       Rpst.: Long sword |     5 |       ||     5

Table legend:
 A = Non-vault XP
 B = Vault XP
 C = Vault XP percentage of total XP
 D = Non-vault monster count
 E = Vault monster count
 F = Vault count percentage of total count
                 A         B        C        D         E       F
            +---------+---------+-------+---------+---------+-------
      Total |      85 |       0 |   0.0 |      39 |       0 |   0.0
            +---------+---------+-------+---------+---------+-------
        D:1 |      26 |       0 |   0.0 |      16 |       0 |   0.0
        D:2 |      59 |       0 |   0.0 |      23 |       0 |   0.0
            +---------+---------+-------+---------+---------+-------
